 Dungeon Crawl Stone Soup version 0.27.1 (webtiles) character file.

Game seed: 17944365689453354676

16990 Atelerd the Covert (level 12, -2/70 HPs)
             Began as an Octopode Earth Elementalist on Sept 3, 2021.
             Was a Believer of Sif Muna.
             Slain by a four-headed hydra (7 damage)
             ... on level 11 of the Dungeon.
             The game lasted 00:39:43 (18644 turns).

Atelerd the Covert (Octopode Earth Elementalist)   Turns: 18644, Time: 00:39:48

Health: -2/70      AC:  1    Str:  7    XL:     12   Next: 43%
Magic:  17/25      EV: 16    Int: 23    God:    Sif Muna [**....]
Gold:   718        SH:  6    Dex: 12    Spells: 21/29 levels left

rFire    . . .     SeeInvis +   P - +0 short sword (venom)
rCold    . . .     Faith    .   F - +0 buckler
rNeg     . . .     Spirit   .   e - +0 hat
rPois    +         Reflect  .   (no amulet)
rElec    .         Harm     .   d - ring of see invisible
rCorr    .         Rampage  .   p - ring of poison resistance
Will     .....                  L - ring of wizardry
Stlth    ++++++....             (no ring)
HPRegen  0.21/turn              (no ring)
MPRegen  0.19/turn              (no ring)
                                (no ring)
                                (no ring)

@: hasted, studying Shields, very quick
A: almost no armour, amphibious, 8 rings, camouflage 1, gelatinous body 1,
(nimble swimmer 1), tentacles
a: Renounce Religion, Channel Magic


You were on level 11 of the Dungeon.
You worshipped Sif Muna.
Sif Muna was pleased with you.
You visited 3 branches of the dungeon, and saw 14 of its levels.
You also visited: Bailey.

You collected 718 gold pieces.

Inventory:

Hand Weapons
 f - a +0 spear of venom
 u - a +1 rapier of flaming
 x - a +1 short sword of speed
 y - the +11 mace of Ru's Benevolence {protect, *Rage Str+6}
   (You found it on level 4 of the Dungeon)

   It grants its wielder temporary protection when it strikes (+7 to AC).
   Str:       It affects your strength (+6).
   *Rage:     It may make you go berserk in combat.
 P - a +0 short sword of venom (weapon)
Missiles
 b - 301 stones
 J - 2 throwing nets
Armour
 e - a +0 hat (worn)
 F - a +0 buckler (worn)
Jewellery
 d - a ring of see invisible (left tentacle)
 p - a ring of poison resistance (right tentacle)
 z - a ring of fire
 G - a ring of fire
 L - a ring of wizardry (on tentacle)
Wands
 q - a wand of iceblast (24)
 t - a wand of charming (4)
 w - a wand of digging (2)
 B - a wand of flame (32)
 N - a wand of paralysis (3)
Scrolls
 a - 3 scrolls of enchant weapon
 h - a scroll of holy word
 j - 3 scrolls of vulnerability
 n - 5 scrolls of amnesia
 r - 4 scrolls of teleportation {unknown}
 v - 2 scrolls of fog
 C - 3 scrolls of acquirement {unknown}
Potions
 c - 2 potions of flight {unknown}
 i - 2 potions of might {unknown}
 k - 2 potions of mutation {unknown}
 l - a potion of magic {unknown}
 m - 2 potions of heal wounds {unknown}
 o - 2 potions of lignification {unknown}
 s - a potion of berserk rage {unknown}
 A - a potion of degeneration {unknown}
 D - 2 potions of resistance {unknown}
 E - a potion of haste
 H - 2 potions of curing
 I - a potion of ambrosia {unknown}
 O - a potion of attraction {unknown}
Miscellaneous
 K - a lightning rod (4/4)
 M - a piece from Xom's chessboard (15/15)


   Skills:
 - Level 2.0 Fighting
 - Level 2.0 Short Blades
 - Level 8.0 Dodging
 - Level 12.0 Stealth
 + Level 8.5 Shields
 + Level 9.3 Spellcasting
 - Level 2.0 Conjurations
 - Level 5.0 Transmutations
 - Level 9.0 Earth Magic
 - Level 8.0 Invocations


You had 21 spell levels left.
You knew the following spells:

 Your Spells              Type           Power      Damage    Failure   Level
a - Sandblast             Erth           100%       2d20      1%          1
p - Petrify               Tmut/Erth      42%        N/A       1%          4
r - Stone Arrow           Conj/Erth      72%        3d11      1%          3

Your spell library contained the following spells:

 Spells                   Type           Power      Damage    Failure   Level
 Passwall                 Tmut/Erth      35%        N/A       1%          2
 Animate Skeleton         Necr           20%        N/A       2%          1
 Pain                     Necr           40%        1d6       2%          1
 Vampiric Draining        Necr           5%         2d6       8%          3
 Passage of Golubria      Tloc           N/A        N/A       24%         4
 Silence                  Hex/Air        5%         N/A       52%         5
 Lehudib's Crystal Spear  Conj/Erth      18%        10d5      100%        8


Dungeon Overview and Level Annotations

Branches:
Dungeon (12/15)            Temple (1/1) D:6            Lair (0/6) D:10
    Orc (1/2) D:9          Bailey (visited)

Altars:
Ashenzari
Cheibriados
Dithmenos
Elyvilon
Fedhas
Gozag
Hepliaklqana
Kikubaaqudgha
Makhleb
Nemelex Xobeh
Okawaru
Qazlal
Ru
Sif Muna
Trog
Vehumet
Wu Jian
Xom
Yredelemnul
Zin
The Shining One
Beogh

Shops:
D:3 [

Annotations:
D:12 Maurice


Innate Abilities, Weirdness & Mutations

You cannot wear most types of armour.
You are amphibious.
You can wear up to eight rings at the same time.
Your skin changes colour to match your surroundings (Stealth+).
Your rubbery body absorbs attacks. (AC +1, EV +1)
((You are camouflaged near water. (Stealth+)))
You have tentacles for arms and can constrict up to eight enemies at once.


Message History

Unknown command.
The wolf spider stops moving altogether!
The helpless wolf spider fails to defend itself.
You impale the wolf spider!!
The wolf spider looks as sick as possible!
You grab the wolf spider.
The wolf spider is moderately wounded.
You constrict the wolf spider.
The helpless wolf spider fails to defend itself.
You impale the wolf spider!!
The wolf spider is heavily wounded.
You constrict the wolf spider.
The helpless wolf spider fails to defend itself.
You impale the wolf spider!!
The wolf spider looks as sick as possible!
The wolf spider is almost dead.
You constrict the wolf spider.
You release your grip on the wolf spider.
There is a stone staircase leading up here.
Okay, then.
Okay, then.
Okay, then.
Unknown command.
Press: ? - help, v - describe, . - travel
Here: a four-headed hydra The floor.
You kill the wolf spider!
Sif Muna accepts your kill.
The four-headed hydra bites you. x2; The four-headed hydra bites you!
The four-headed hydra bites you but does no damage.
You climb upwards.
There is a stone staircase leading down here.
Okay, then.
You feel yourself speed up. The four-headed hydra bites you!
The four-headed hydra bites you.
* * * LOW HITPOINT WARNING * * *
The four-headed hydra bites you!
* * * LOW HITPOINT WARNING * * *
The four-headed hydra bites you!
You die...

##.#### #.## #..# #<#
##.# #.# ####'#### #.#
#.....>.######.#######
#.......'..##........#
#.......##.##........##
#.......##..#........##
#....D@.###............
###'##### ###........##
#.## #........# #..#
########## ##.#
####'### #.._...####
#......'..#########
#....).##.).))))).#####


You could see a four-headed hydra.

Vanquished Creatures
  Harold (D:8)
  2 boulder beetles (D:11)
  Erica (D:10)
  A two-headed ogre (D:9)
  2 orc knights
  Pikel (D:7)
  A wolf spider (D:12)
  A gargoyle (D:12)
  2 unseen horrors
  A komodo dragon (D:11)
  2 trolls
  Prince Ribbit (D:8)
  A meliai zombie (D:11)
  3 yaks (D:8)
  3 wyverns
  A wraith (D:11)
  2 shadows
  Eustachio (D:5)
  A steam dragon (D:8)
  2 water moccasins
  An acid dragon (D:11)
  20 orc warriors
  3 ice beasts
  A black bear (D:6)
  2 sky beasts (D:8)
  An ogre (D:11)
  2 phantoms
  3 centaurs
  2 kobold brigands
  3 scorpions
  2 bullfrogs (D:8)
  A gnoll sergeant (D:7)
  4 hounds
  3 bullfrog skeletons
  A gnoll shaman (D:8)
  2 orc priests
  3 centaur zombies
  4 iguanas
  Jessica (D:2)
  Ijyb (D:5)
  Natasha (thrice) (D:3)
  Terence (D:2)
  3 orc wizards
  A killer bee zombie (D:8)
  A hound skeleton (D:4)
  2 howler monkey zombies
  12 gnolls
  7 adders
  A shadow imp (D:6)
  2 adder skeletons (D:4)
  A dart slug (D:1)
  2 worms
  58 orcs
  10 ball pythons
  12 endoplasms
  2 giant cockroaches (D:2)
  13 hobgoblins
  9 jackals
  4 quokkas
  10 bats
  2 frilled lizards (D:3)
  9 goblins
  11 kobolds
  A quokka skeleton (D:3)
  10 rats
277 creatures vanquished.

Vanquished Creatures (collateral kills)
  A bullfrog zombie (D:6)
  An orc (Bailey)
2 creatures vanquished.

Vanquished Creatures (others)
  2 plants (D:1)
  4 toadstools (D:1)
6 creatures vanquished.

Grand Total: 285 creatures vanquished

Notes
Turn   | Place    | Note
-------+----------+-------------------------------------------
     0 | D:1      | Atelerd the Octopode Earth Elementalist began the quest for
                  | the Orb.
     0 | D:1      | Reached XP level 1. HP: 11/11 MP: 3/3
   225 | D:1      | Reached XP level 2. HP: 10/17 MP: 1/5
   374 | D:1      | Found a faded altar of an unknown god.
   539 | D:1      | Reached XP level 3. HP: 21/21 MP: 6/6
  1315 | D:2      | Reached XP level 4. HP: 20/27 MP: 4/8
  2286 | D:2      | Noticed Terence
  2296 | D:2      | Killed Terence
  2297 | D:2      | Reached XP level 5. HP: 25/31 MP: 7/9
  2409 | D:2      | Noticed Jessica
  2416 | D:2      | Killed Jessica
  2727 | D:3      | Noticed Natasha
  2736 | D:3      | Killed Natasha
  3255 | D:3      | Reached XP level 6. HP: 36/36 MP: 11/11
  3288 | D:3      | Noticed Natasha
  3294 | D:3      | Killed Natasha
  3295 | D:3      | Found Wooplu's Armour Shop.
  3295 | D:3      | Noticed Natasha
  3299 | D:3      | Killed Natasha
  4290 | D:4      | Reached skill level 5 in Earth Magic
  4509 | D:4      | Reached XP level 7. HP: 27/41 MP: 13/13
  4769 | D:5      | Entered Level 5 of the Dungeon
  4769 | D:5      | Found an opulent altar of Gozag.
  5018 | D:5      | Learned a level 4 spell: Petrify
  5042 | D:5      | Reached skill level 3 in Stealth
  5466 | D:5      | Noticed Eustachio
  5494 | D:5      | Killed Eustachio
  5495 | D:5      | Reached skill level 4 in Stealth
  5848 | D:5      | Noticed Ijyb
  5859 | D:5      | Killed Ijyb
  6103 | D:5      | Reached skill level 5 in Spellcasting
  6880 | D:4      | Reached skill level 5 in Stealth
  6880 | D:4      | Reached XP level 8. HP: 32/46 MP: 11/15
  6884 | D:4      | Learned a level 3 spell: Stone Arrow
  7042 | D:4      | Identified the +11 mace of Ru's Benevolence {protect, *Rage
                  | Str+6}
  7695 | D:6      | Reached skill level 1 in Fighting
  7851 | D:6      | Noticed a shadow
  7857 | D:6      | Killed a shadow
  7932 | D:6      | Noticed a wyvern
  8367 | D:6      | Reached skill level 6 in Stealth
  8563 | D:6      | Found a staircase to the Ecumenical Temple.
  8570 | Temple   | Entered the Ecumenical Temple
  9092 | D:6      | Killed a wyvern
  9093 | D:6      | Reached skill level 5 in Transmutations
  9093 | D:6      | Reached XP level 9. HP: 39/54 MP: 11/16
  9240 | D:6      | Found a glowing silver altar of Zin.
  9470 | D:6      | Noticed an unseen horror
  9476 | D:6      | Killed an unseen horror
  9807 | D:7      | Found a flagged portal.
  9877 | Bailey   | Entered a bailey
 10356 | Bailey   | Reached skill level 1 in Short Blades
 10356 | Bailey   | Reached skill level 1 in Conjurations
 11813 | Bailey   | Reached skill level 11 in Stealth
 11813 | Bailey   | Reached XP level 10. HP: 60/60 MP: 17/20
 11831 | Bailey   | Noticed an orc knight
 12230 | Bailey   | Killed an orc knight
 12231 | Bailey   | Reached XP level 11. HP: 64/64 MP: 14/22
 12777 | D:7      | Noticed Pikel
 12789 | D:7      | Killed Pikel
 13168 | D:7      | Found a shimmering blue altar of Sif Muna.
 13174 | D:7      | Became a worshipper of Sif Muna the Loreminder
 13357 | D:8      | Noticed Prince Ribbit
 13366 | D:8      | Killed Prince Ribbit
 13396 | D:8      | Noticed Harold
 13406 | D:8      | Killed Harold
 14035 | D:8      | Reached skill level 5 in Invocations
 14363 | D:9      | Found a sacrificial altar of Ru.
 14694 | D:9      | Found a glowing golden altar of the Shining One.
 15194 | D:9      | Noticed a two-headed ogre
 15211 | D:9      | Killed a two-headed ogre
 15327 | D:9      | Reached * piety under Sif Muna
 15534 | D:9      | Found a staircase to the Orcish Mines.
 15597 | D:10     | Entered Level 10 of the Dungeon
 15601 | D:10     | Noticed Erica
 15602 | D:10     | Noticed a death yak
 15649 | Orc:1    | Entered Level 1 of the Orcish Mines
 15660 | Orc:1    | Noticed an orc warlord
 16003 | D:10     | Found a blossoming altar of Fedhas.
 16003 | D:10     | Found a basalt altar of Yredelemnul.
 16102 | D:10     | Found a hazy altar of Hepliaklqana.
 16109 | D:10     | Killed Erica
 16406 | D:10     | Found a staircase to the Lair.
 16406 | D:10     | Noticed a death yak
 16406 | D:10     | Noticed a death yak
 16570 | D:11     | Reached skill level 5 in Shields
 17019 | D:11     | Noticed an eight-headed hydra
 17270 | D:11     | Reached XP level 12. HP: 70/70 MP: 21/24
 17350 | D:11     | Noticed a boulder beetle
 17362 | D:11     | Killed a boulder beetle
 17363 | D:11     | Reached skill level 12 in Stealth
 17552 | D:11     | Noticed a boulder beetle
 17579 | D:11     | Killed a boulder beetle
 18624 | D:12     | Noticed Maurice
 18631 | D:12     | Noticed a four-headed hydra
 18642 | D:12     | Reached ** piety under Sif Muna
 18644 | D:11     | Slain by a four-headed hydra

Illustrated notes

Levels and vault maps discovered:
D:1:      ldierk_water_garden, layout_rooms, dreamdust_ecumenical_altar_grove,
          serial_glass, glass_columns_a, glass_columns_a, minmay_fountain_box
D:2:      layout_rooms, hex_tiny, uniq_terence, uniq_jessica
D:3:      minmay_recursive_quarters, layout_basic, serial_shops,
          nicolae_shop_behind_doors, uniq_natasha
D:4:      minmay_razor_zed, layout_basic
D:5:      layout_basic, mainiacjoe_overflow_small_starburst, minmay_door_square,
          uniq_ijyb, uniq_eustachio
D:6:      minmay_cornered_nines, layout_basic, zin_academy,
          minmay_temple_entry_arrows
D:7:      layout_gridville, led_sif_pool, enter_bailey_4, uniq_pikel
D:8:      minmay_octagon_keep, layout_cave_pools, kennysheep_generic_room_13,
          uniq_harold, uniq_prince_ribbit1
D:9:      layout_small_grid, nicolae_tso_swordbearing_angel,
          mainiacjoe_overflow_catwalk, hiddenorc1_lemuel
D:10:     layout_loops_ring, nicolae_uskayaw_dance_hall,
          chequers_temple_overflow_statue_of_worship,
          mainiacjoe_overflow_boulevard, dpeg_lair_monsters,
          minmay_joined_circles, uniq_erica, uniq_grum
D:11:     layout_roguey [special_room_orc]
D:12:     layout_cave_pools, uniq_maurice, uniq_urug
Temple:   oiseaux_autumnal_temple
Orc:1:    layout_caves, serial_shops, shop

Skill      XL: |  1  2  3  4  5  6  7  8  9 10 11 12 |
---------------+-------------------------------------+-----
Transmutations | 2 3 4 5 |  5.0
Spellcasting   | 3 4 5 7 8 9 |  9.3
Earth Magic    | 4 5 6 8 9 |  9.0
Stealth        | 5 6 11 12 | 12.0
Fighting       | 2 |  2.0
Short Blades   | 2 |  2.0
Conjurations   | 2 |  2.0
Dodging        | 8 |  8.0
Shields        | 5 8 |  8.5
Invocations    | 8 |  8.0

Action                   |  1- 3 |  4- 6 |  7- 9 | 10-12 || total
-------------------------+-------+-------+-------+-------++-------
Melee: Unarmed           |    54 |       |       |       ||    54
       Constrict         |    20 |    22 |    28 |    44 ||   114
       Tentacles         |     9 |    11 |    30 |    42 ||    92
       Spear             |    24 |   129 |    37 |       ||   190
       Rapier            |       |       |   133 |   193 ||   326
       Short sword       |       |       |       |    36 ||    36
 Cast: Sandblast         |    20 |    24 |    55 |    36 ||   135
       Petrify           |       |       |    30 |    86 ||   116
       Stone Arrow       |       |       |       |     7 ||     7
Invok: Channel Magic     |       |       |       |     1 ||     1
Evoke: Wand              |       |       |     5 |     3 ||     8
       Piece from Xom's  |       |       |       |     2 ||     2
  Use: Scroll            |       |       |     6 |     1 ||     7
       Potion            |       |       |     1 |     3 ||     4
 Stab: Sleeping          |     9 |    18 |    17 |    12 ||    56
       Distracted        |     1 |       |       |     1 ||     2
       Petrified         |       |       |    77 |   110 ||   187
       Petrifying        |       |       |     1 |     5 ||     6
       Confused          |       |       |       |     1 ||     1
       Paralysed         |       |       |       |     1 ||     1
Armor: Skin              |    13 |     7 |    12 |     5 ||    37
Dodge: Dodged            |    68 |    56 |   109 |   112 ||   345
Block: Buckler           |       |       |       |    15 ||    15
